 Dungeon Crawl Stone Soup version 0.28.0-49-g6dfe1f597d (webtiles) character file.

Game seed: 918964925037448988

2093 greasedhog the Cleaver (level 9, -2/96 HPs)
             Began as a Formicid Fighter on May 17, 2022.
             Was a Follower of Okawaru.
             Slain by Harold
             ... wielding a +1 scimitar of venom
              (11 damage)
             ... on level 7 of the Dungeon.
             The game lasted 00:11:20 (7986 turns).

greasedhog the Cleaver (Formicid Fighter)           Turns: 7986, Time: 00:11:21

Health: -2/96      AC: 24    Str: 26    XL:     9   Next: 52%
Magic:  10/10      EV:  2    Int:  7    God:    Okawaru [*.....]
Gold:   273        SH:  5    Dex: 10    Spells: 8/8 levels left

rFire   . . .      SeeInvis .   a - +5 war axe
rCold   . . .      Faith    .   c - +0 buckler
rNeg    + . .      Spirit   .   (armour currently unavailable)
rPois   +          Reflect  .   (helmet unavailable)
rElec   .          Harm     .   (cloak currently unavailable)
rCorr   +          Rampage  .   (gloves currently unavailable)
Will    .....                   (boots currently unavailable)
Stlth   +.........              (no amulet)
HPRegen 0.26/turn               e - ring of resist corrosion
MPRegen 0.12/turn               E - ring of positive energy

@: mighty, brilliant, tree-form, marked, attractive
A: stationary, stasis, torment immunity, boosted hp, permanent stasis, dig
shafts and tunnels, (antennae 3), four strong arms
a: Renounce Religion, Heroism


You were on level 7 of the Dungeon.
You worshipped Okawaru.
Okawaru was aware of your devotion.
You were a tree.
You visited 2 branches of the dungeon, and saw 8 of its levels.

You collected 273 gold pieces.

Inventory:

Hand Weapons
 a - a +5 war axe (weapon)
 k - a +4 quarterstaff of chaos
 A - a +0 flail
Missiles
 b - 31 bolts
 g - 67 arrows
Armour
 c - a +0 buckler (worn)
 i - a +0 chain mail (melded)
 l - a +0 cloak (melded)
 r - a +0 pair of boots (melded)
 B - a +1 ring mail of poison resistance
Jewellery
 e - a ring of resist corrosion (left branch)
 h - a ring of ice
 E - a ring of positive energy (right branch)
Wands
 j - a wand of paralysis (8)
 u - a wand of flame (12)
 x - a wand of charming (8)
Scrolls
 f - a scroll of vulnerability
 n - 2 scrolls of immolation {unknown}
 q - 2 scrolls of brand weapon {unknown}
 s - a scroll of torment {unknown}
 y - a scroll of amnesia {unknown}
 C - a scroll of identify
 D - a scroll of enchant weapon {unknown}
Potions
 d - a potion of might
 p - 3 potions of cancellation
 v - 2 potions of brilliance


   Skills:
 - Level 3.2 Fighting
 * Level 11.4 Axes
 - Level 3.2 Armour
 - Level 5.2 Shields
 - Level 2.1 Invocations


You had 8 spell levels left.
You didn't know any spells.
Your spell library contained the following spells:

 Spells                   Type           Power      Damage    Failure   Level
 Slow                     Hex            0%         N/A       50%         1
 Confusing Touch          Hex            0%         N/A       86%         3
 Vampiric Draining        Necr           0%         2d6       86%         3


Dungeon Overview and Level Annotations

Branches:
Dungeon (7/15)             Temple (1/1) D:7

Altars:
Cheibriados
Dithmenos
Elyvilon
Fedhas
Gozag
Hepliaklqana
Makhleb
Nemelex Xobeh
Okawaru
Qazlal
Ru
Sif Muna
Trog
Uskayaw
Vehumet
Xom
Yredelemnul

Shops:
D:4 [

Annotations:
D:7 Harold


Innate Abilities, Weirdness & Mutations

You are a tree.
Your roots penetrate the ground, keeping you stationary.
You cannot be teleported.
You are immune to unholy pain and torment.
Your maximum health is greatly increased.
Your equipment is partially melded.
You cannot be hasted, slowed, berserked, paralysed or teleported.
You can dig through walls and to a lower floor.
((You have a pair of large antennae on your head. (SInv)))
Your four strong arms can wield two-handed weapons with a shield.


Message History

* * * LOW HITPOINT WARNING * * *
You are lethally poisoned!
You feel very mighty all of a sudden.
* * * LOW HITPOINT WARNING * * *
You feel very sick. You block Harold's attack.
You slash Harold!
Harold is heavily wounded.
* * * LOW HITPOINT WARNING * * *
You feel sick.
Harold hits you with a +1 scimitar of venom!
* * * LOW HITPOINT WARNING * * *
You are more poisoned.
You feel better.
You feel like a meek peon again. Harold barely misses you.
It was a potion of brilliance.
You feel clever all of a sudden. Harold gestures at you while chanting.
A sentinel's mark forms upon you.
It was a potion of lignification.
You turn into a tree.
Your +0 cloak melds into your body.
Your +0 pair of boots melds into your body.
Your +0 chain mail melds into your body.
Your roots penetrate the ground.
Harold hits you with a +1 scimitar of venom!
* * * LOW HITPOINT WARNING * * *
You slash Harold!
Harold is heavily wounded.
Harold casts a spell at you. The mark upon you grows brighter.
It was a potion of magic.
Magic courses through your body. Harold barely misses you.
It was a potion of attraction.
You feel attractive to monsters. You block Harold's attack.
You slash Harold!
Harold is severely wounded.
Harold hits you with a +1 scimitar of venom!
You die...

.# ###...#...
.# #.###..>
##.# #...#...
#.. ##......
#.# #.# #....##
#.# #.# #.#...#
#.# #.# #.##..#
#.# #@# #.###..
#.# #♣### #.#
##. #.# #...#
#.# #.
#######.#####.#
#.# #.
#.............#
#.# #.
#.#####.#####.#
#.# ## #.# #.#
#.# ####.# #.#
#.# #....# #.#
#.# #.#### #.#
#.#


You could see Harold.

Vanquished Creatures
  A wyvern (D:7)
  Menkaure (D:7)
  Duvessa (D:7)
  2 water moccasins
  A black bear (D:6)
  A sky beast (D:7)
  A centaur (D:7)
  3 ogres (D:6)
  A phantom (D:4)
  A scorpion (D:5)
  A wyvern zombie (D:5)
  A wyvern skeleton (D:5)
  Dowan (D:7)
  A water moccasin skeleton (D:4)
  4 wights (D:7)
  A bullfrog zombie (D:6)
  3 hounds
  A bullfrog skeleton (D:6)
  An orc priest (D:7)
  2 jellies
  Crazy Yiuf (D:2)
  A centaur skeleton (D:6)
  An orc wizard (D:2)
  A hound zombie (D:5)
  7 adders
  A gnoll (D:3)
  2 worms (D:3)
  2 dart slugs
  11 orcs
  3 endoplasms
  2 giant cockroaches (D:1)
  6 goblins
  8 hobgoblins
  10 jackals
  A quokka (D:3)
  9 ball pythons
  5 bats
  4 frilled lizards
  7 kobolds
  5 rats
116 creatures vanquished.

Vanquished Creatures (others)
  2 fungi (D:2)
2 creatures vanquished.

Grand Total: 118 creatures vanquished

Notes
Turn   | Place    | Note
-------+----------+-------------------------------------------
     0 | D:1      | greasedhog the Formicid Fighter began the quest for the
                  | Orb.
     0 | D:1      | Reached XP level 1. HP: 18/18 MP: 1/1
   144 | D:1      | Found a faded altar of an unknown god.
   162 | D:1      | Reached XP level 2. HP: 12/24 MP: 2/2
   678 | D:1      | Reached XP level 3. HP: 29/29 MP: 3/3
  1453 | D:2      | Reached skill level 3 in Axes
  1669 | D:2      | Reached XP level 4. HP: 35/35 MP: 4/4
  1805 | D:2      | Found a runed translucent door.
  1806 | D:2      | Noticed Crazy Yiuf
  1814 | D:2      | Killed Crazy Yiuf
  2339 | D:2      | Reached skill level 4 in Axes
  2339 | D:2      | Reached XP level 5. HP: 31/41 MP: 5/5
  2871 | D:3      | Reached skill level 5 in Shields
  3264 | D:4      | Found Anul's Antique Armour Emporium.
  3830 | D:4      | Noticed a phantom
  3843 | D:4      | Killed a phantom
  3844 | D:4      | Reached skill level 5 in Axes
  3844 | D:4      | Reached XP level 6. HP: 27/47 MP: 6/6
  4196 | D:4      | Found a hazy altar of Hepliaklqana.
  4206 | D:4      | Found a burning altar of Makhleb.
  4209 | D:4      | Found a white marble altar of Elyvilon.
  4558 | D:5      | Entered Level 5 of the Dungeon
  4631 | D:5      | Reached skill level 6 in Axes
  4631 | D:5      | Reached XP level 7. HP: 16/52 MP: 7/7
  5297 | D:5      | Noticed a water moccasin
  5302 | D:5      | Killed a water moccasin
  5303 | D:5      | Reached skill level 7 in Axes
  5929 | D:6      | Reached skill level 8 in Axes
  5929 | D:6      | Reached XP level 8. HP: 25/58 MP: 8/8
  6548 | D:6      | Reached skill level 9 in Axes
  7072 | D:6      | You fall into a shaft and drop 1 floor!
  7072 | D:7      | Found a staircase to the Ecumenical Temple.
  7076 | Temple   | Entered the Ecumenical Temple
  7250 | Temple   | Became a worshipper of Warmaster Okawaru
  7311 | D:7      | Noticed Menkaure
  7312 | D:7      | Found a basalt altar of Yredelemnul.
  7319 | D:7      | Killed Menkaure
  7320 | D:7      | Reached skill level 10 in Axes
  7328 | D:7      | Noticed a wyvern
  7332 | D:7      | Killed a wyvern
  7332 | D:7      | Reached * piety under Okawaru
  7333 | D:7      | Reached XP level 9. HP: 33/64 MP: 9/9
  7498 | D:7      | Reached skill level 1 in Invocations
  7529 | D:7      | Found a snail-covered altar of Cheibriados.
  7760 | D:7      | Reached skill level 11 in Axes
  7844 | D:7      | Noticed Duvessa
  7846 | D:7      | Noticed Dowan
  7850 | D:7      | Killed Duvessa
  7856 | D:7      | Killed Dowan
  7959 | D:7      | Noticed Harold
  7986 | D:7      | Slain by Harold

Illustrated notes

Levels and vault maps discovered:
D:1:      matt_arrival_refuge, layout_basic, hellmonk_ecumenical_altar_lost_god
D:2:      layout_basic, grunt_ministairs_12, uniq_crazy_yiuf_cottage
D:3:      minmay_skewed_foursquare, layout_rooms, hangedman_glass_teeth,
          mrwooster_statue_mirror
D:4:      layout_basic, minmay_overflow_temple_star_quad, serial_shops, shop
D:5:      layout_loops_ring
D:6:      layout_basic, tso_oasis_becter, minivault_1
D:7:      layout_loops_ring, overflow_temple_1_default,
          mainiacjoe_overflow_surrounded_room, minmay_temple_entry_tees,
          uniq_menkaure, uniq_harold, uniq_duvessa
Temple:   minmay_temple_bridge_abc

Skill      XL: |  1  2  3  4  5  6  7  8  9 |
---------------+----------------------------+-----
Shields        | 4 5 |  5.2
Axes           | 3 4 5 6 8 10 11 | 11.4
Invocations    | 2 |  2.1
Fighting       | |  3.2
Armour         | |  3.2

Action                   |  1- 3 |  4- 6 |  7- 9 || total
-------------------------+-------+-------+-------++-------
Melee: War axe           |   111 |   146 |   184 ||   441
Invok: Heroism           |       |       |     2 ||     2
Evoke: Wand              |       |       |    25 ||    25
  Use: Scroll            |     2 |     4 |       ||     6
       Potion            |       |     1 |     7 ||     8
Armor: Scale mail        |    45 |       |       ||    45
       Chain mail        |    29 |    79 |   100 ||   208
Dodge: Dodged            |    56 |    54 |    62 ||   172
Block: Buckler           |    25 |    35 |    45 ||   105
